 Dungeon Crawl Stone Soup version 0.31.0-11-ge490571c62 (webtiles) character file.

Game seed: 18125475688297596252

940 Killerpretzel the Changeling (level 8, -5/54 HPs)
             Began as an Octopode Shapeshifter on Feb 7, 2024.
             Slain by a sky beast (6 damage)
             ... on level 6 of the Dungeon.
             The game lasted 00:13:33 (5080 turns).

Killerpretzel the Changeling (OpSh)                 Turns: 5080, Time: 00:13:34

Health: -5/54      AC:  1    Str: 13    XL:     8   Next: 12%
Magic:  8/8        EV: 14    Int: 13    God:
Gold:   331        SH:  0    Dex: 13    Spells: 7/7 levels left

rFire   + .          .
                       - Unarmed
rCold   . . .        (no shield)
rNeg    . . .        (helmet currently unavailable)
rPois   .            (no amulet)
rElec   .            m - ring of protection from fire
rCorr   .            (no ring)
SInv    .            (no ring)
Will    .....        (no ring)
Stlth   ++           (no ring)
HPRegen 0.29/turn    (no ring)
MPRegen 0.11/turn    (no ring)
                     (no ring)

%: no passive effects
@: beast-form
A: beast (slay +3), almost no armour, amphibious, 8 rings, camouflage 1,
gelatinous body 1, (nimble swimmer 1), tentacles
a: Begin Untransformation


You were on level 6 of the Dungeon.
You were a hulking beast.
You visited 1 branch of the dungeon, and saw 6 of its levels.

You collected 331 gold pieces.

Inventory:

Missiles
 p - a throwing net (quivered)
Jewellery
 m - a ring of protection from fire (left tentacle)
 n - an amulet of regeneration
Talismans
 b - a beast talisman
 c - a flux talisman
Wands
 o - a wand of paralysis (7)
Scrolls
 h - a scroll of torment
 i - 2 scrolls of enchant weapon
 l - a scroll of teleportation
Potions
 a - a potion of lignification
 d - a potion of enlightenment {unknown}
 e - 2 potions of heal wounds {unknown}
 f - 2 potions of mutation {unknown}
 g - a potion of degeneration {unknown}
 j - a potion of attraction {unknown}
 k - 3 potions of curing


   Skills:
 + Level 4.0 Fighting
 + Level 4.4 Dodging
 + Level 5.0 Unarmed Combat
 * Level 6.0 Shapeshifting


You had 7 spell levels left.
You didn't know any spells.
Your spell library was empty.

Dungeon Overview and Level Annotations

Branches:
Dungeon (6/15)             Temple (0/1) D:5

Altars:
Elyvilon
Makhleb
Nemelex Xobeh
Qazlal

Shops:
D:4 (   D:5 *

Annotations:
D:3 Terence


Innate Abilities, Weirdness & Mutations

You are a hulking beast.
Your limbs bulge with bestial killing power. (Slay +3)
You cannot wear most types of armour.
You are amphibious.
You can wear up to eight rings at the same time.
Your skin changes colour to match your surroundings (Stealth+).
Your rubbery body absorbs attacks. (AC +1, EV +1)
((You are camouflaged when in or above water. (Stealth+)))
You have tentacles for arms and can constrict up to eight enemies at once.


Message History

A sky beast is nearby!
The sky beast hits you. The sky beast shocks you.
A sky beast is nearby!
You tentacle-slap the sky beast. You squeeze the sky beast!
The sky beast is moderately wounded.
The sky beast hits you. The sky beast shocks you.
A sky beast is nearby!
You tentacle-slap the sky beast. Your squeeze misses the sky beast.
The sky beast is heavily wounded.
The sky beast barely misses you.
You completely miss the sky beast. Your squeeze misses the sky beast.
The sky beast is heavily wounded.
The sky beast flickers out of sight!
Deactivating autopickup; reactivate with Ctrl-A.
Something hits you. Something shocks you.
You miss something. Your squeeze misses something. You bludgeon something!
Your squeeze misses something. Something hits you. Something shocks you.
You barely miss something. You tentacle-slap something.
Your squeeze misses something.
A sky beast appears from thin air!
Reactivating autopickup.
The sky beast closely misses you.
You tentacle-slap the sky beast. Your squeeze misses the sky beast.
The sky beast is almost dead.
The sky beast hits you.
* * * LOW HITPOINT WARNING * * *
The sky beast shocks you.
* * * LOW HITPOINT WARNING * * *
You barely miss the sky beast.
The sky beast is almost dead.
The sky beast flickers out of sight!
Deactivating autopickup; reactivate with Ctrl-A.
Something hits you.
* * * LOW HITPOINT WARNING * * *
Something shocks you.
* * * LOW HITPOINT WARNING * * *
You miss something. Something hits you.
* * * LOW HITPOINT WARNING * * *
Something shocks you.
You die...

#.##..#.##..#
#....##....##
#..#.##..#.##. #
#..##.#..##.#..##.
#....##....##...
#..##.#..##.#..#
#.. #..#.##..# .
#....##....#
#..#.##..#h##..# #
## #..##{# # ..##.
..# ##. .##.# # #
.. .## # . ##. .
#.#


There were no monsters in sight!

Vanquished Creatures
  2 ogres (D:5)
  2 bullfrogs
  3 scorpions
  A howler monkey (D:4)
  A gnoll bouda (D:5)
  2 orc priests (D:5)
  2 sleepcaps
  2 iguanas (D:5)
  7 gnolls
  7 adders
  A white imp (D:5)
  4 dart slugs
  3 ribbon worms
  12 orcs
  4 ball pythons
  13 endoplasms
  3 giant cockroaches
  9 hobgoblins
  4 jackals (D:2)
  3 quokkas
  A bat (D:2)
  4 goblins
  10 kobolds
  3 rats
103 creatures vanquished.

Vanquished Creatures (others)
  A butterfly (D:4)
1 creature vanquished.

Grand Total: 104 creatures vanquished

Notes
Turn   | Place    | Note
-------+----------+-------------------------------------------
     0 | D:1      | Killerpretzel the Octopode Shapeshifter began the quest for
                  | the Orb.
     0 | D:1      | Reached XP level 1. HP: 13/13 MP: 1/1
   127 | D:1      | Reached XP level 2. HP: 18/18 MP: 2/2
   491 | D:1      | Reached XP level 3. HP: 19/23 MP: 3/3
   639 | D:2      | Found a faded altar of an unknown god.
   770 | D:2      | Reached XP level 4. HP: 24/29 MP: 4/4
  1038 | D:2      | Found a stormy altar of Qazlal.
  1523 | D:3      | Noticed Terence
  1654 | D:3      | Found a sparkling altar of Nemelex Xobeh.
  1777 | D:3      | Reached skill level 4 in Shapeshifting
  1777 | D:3      | Reached XP level 5. HP: 34/34 MP: 5/5
  2383 | D:4      | Reached XP level 6. HP: 9/41 MP: 6/6
  2991 | D:4      | Reached skill level 5 in Shapeshifting
  3152 | D:4      | Reached XP level 7. HP: 33/46 MP: 7/7
  3281 | D:4      | Found Uniwo's Antique Weapon Shoppe.
  3410 | D:4      | Found a burning altar of Makhleb.
  3410 | D:4      | Noticed an Executioner
  3435 | D:4      | Found a white marble altar of Elyvilon.
  3584 | D:5      | Entered Level 5 of the Dungeon
  4331 | D:5      | Found Equhatha's Assorted Antiques.
  4561 | D:5      | Found a staircase to the Ecumenical Temple.
  4587 | D:5      | Reached XP level 8. HP: 36/54 MP: 8/8
  4982 | D:6      | Reached skill level 5 in Unarmed Combat
  4982 | D:6      | Reached skill level 6 in Shapeshifting
  5080 | D:6      | HP: 1/54 [something (3)]
  5080 | D:6      | Slain by a sky beast

Illustrated notes

Levels and vault maps discovered:
D:1:      minmay_arrival_five_plusses, layout_basic,
          minmay_misc_feat_more_columns, minmay_pentomino_r4
D:2:      layout_loops_ring, chequers_ecumenical_altar_twisty, basic_altar
D:3:      layout_loops_cross, lemuel_doored_altar, uniq_terence
D:4:      layout_basic, nicolae_elyvilon_peaceful_grove,
          makhleb_altar_promises_db, serial_shops, nicolae_shop_statue_plus
D:5:      layout_basic, temple_pool_b, serial_shops, shop
D:6:      layout_basic, general_overflow_altar, nicolae_eternal_life,
          uniq_crazy_yiuf_cottage

Skill      XL: |  1  2  3  4  5  6  7  8 |
---------------+-------------------------+-----
Fighting       | 2 3 4 |  4.0
Shapeshifting  | 4 5 6 |  6.0
Dodging        | 3 4 |  4.4
Unarmed Combat | 4 5 |  5.0

Action                     |  1- 3 |  4- 6 |  7- 9 || total
---------------------------+-------+-------+-------++-------
  Melee: Unarmed           |    55 |   103 |    80 ||   238
         Tentacles         |    18 |    28 |    20 ||    66
         Constrict         |    13 |    25 |    15 ||    53
         Punch             |     1 |     3 |     3 ||     7
    Use: Scroll            |       |     5 |     3 ||     8
   Stab: Sleeping          |     7 |    13 |     5 ||    25
         Distracted        |       |     1 |       ||     1
 Armour: Skin              |    11 |    40 |    38 ||    89
  Dodge: Dodged            |    22 |    48 |    24 ||    94
